Map: Kairos Junction LE

Players

DollyBanjo - Winner!

  • Race: Zerg Zerg
  • League: Diamond
  • Spawn Location: 5:00

Mez

  • Race: Terran Terran
  • League: Master
  • Spawn Location: 11:00

VOD

Have the link to the VOD?

Description

Time

  • Played on: July 28, 2019, 8:09 a.m.
  • Length: 10:59
Show
View Real Time Build Order
Export as new Build Order

DollyBanjo Zerg - Winner!

Build Orders: Hatch First, Muta Ling Bane 

Get SALT Encoding   

  12  0:00  Drone  
  13  0:12  Overlord  
  13  0:18  Drone  
  14  0:30  Drone x2  
  16  0:48  Hatchery  
  15  0:51  Drone  
  15  0:55  Drone  
  17  1:10  Spawning Pool  
  16  1:12  Drone  
  16  1:16  Drone  
  18  1:19  Drone  
  19  1:28  Overlord  
  19  1:38  Drone  
  20  1:49  Drone  
  21  2:01  Zergling x4, Queen  
  23  2:02  Queen  
  27  2:11  Drone  
  27  2:13  Drone  
  29  2:21  Drone  
  30  2:30  Drone  
  30  2:34  Drone x2  
  30  2:36  Extractor  
  32  2:37  Queen x2  
  32  2:38  Extractor  
  32  2:43  Overlord x2  
  35  2:54  Drone  
  36  3:05  Drone x2  
  38  3:13  Drone x7  
  45  3:20  Overlord  
  45  3:23  Overlord  
  45  3:26  Lair  
  45  3:30  Drone  
  46  3:37  Drone  
  47  3:43  Metabolic Boost  
  47  3:48  Drone x8  
  55  3:51  Extractor  
  55  3:52  Extractor  
  53  3:58  Evolution Chamber  
  53  3:59  Evolution Chamber, Drone x2  
  53  4:07  Drone  
  53  4:19  Zergling x2  
  53  4:20  Zergling x12  
  60  4:26  Overlord x2  
  60  4:27  Spire  
  53  4:51  Drone x3  
  49  4:57  Drone  
  49  4:58  Drone x6  
  49  4:59  Hatchery  
  53  5:38  Mutalisk x4  
  53  5:39  Mutalisk x4  
  69  5:42  Baneling Nest  
  68  5:51  Overlord x2  
  68  5:54  Zergling x12  
  74  6:07  Zerg Melee Weapons Level 1  
  74  6:08  Zerg Ground Armor Level 1  
  74  6:10  Zergling x6  
  77  6:16  Overlord  
  77  6:17  Overlord  
  77  6:18  Zergling x2  
  77  6:19  Zergling x4  
  77  6:25  Centrifical Hooks  
  80  6:34  Zergling x2  
  80  6:35  Zergling x10  
  80  6:36  Baneling x2  
  80  6:37  Baneling x7  
  86  6:42  Zergling x2  
  86  6:43  Zergling x2  
  81  6:57  Mutalisk x2  
  81  7:00  Drone x6  
  78  7:14  Drone x5  
  83  7:23  Zergling x2  
  83  7:24  Zergling x2, Hatchery  
  84  7:34  Mutalisk x4  
  92  7:37  Zergling x2  
  92  7:38  Zergling x8  
  97  7:44  Drone x3  
  97  7:45  Drone x2  
  102  7:55  Baneling x2  
  102  7:56  Baneling x2  
  102  8:03  Mutalisk x2  
  102  8:06  Drone  
  102  8:07  Drone x4, Extractor  
  102  8:08  Extractor  
  102  8:09  Drone  
  102  8:12  Zerg Melee Weapons Level 2  
  104  8:23  Zergling x4  
  104  8:25  Overlord  
  104  8:26  Overlord x6  
  105  8:41  Mutalisk x3  
  98  8:42  Zergling x2  
  98  8:43  Zergling x12  
  111  8:53  Zergling x10, Hatchery  
  115  8:57  Mutalisk x3  
  115  8:58  Zergling x2  
  121  9:07  Mutalisk  
  121  9:08  Zergling x10  
  121  9:09  Zergling x2  
  126  9:18  Zergling x2  
  126  9:19  Zergling x12  
  126  9:21  Queen  
  135  9:25  Overseer  
  135  9:28  Baneling x2  
  135  9:34  Zergling x2  
  135  9:35  Zergling x14  
  135  9:38  Baneling x2  
  143  9:39  Baneling x9  
  143  9:41  Zergling x4  
  145  9:51  Zergling x12  
  145  9:52  Zergling x4  
  153  10:06  Mutalisk  
  153  10:07  Mutalisk x3  
  132  10:29  Mutalisk  
  132  10:30  Mutalisk x3  
  132  10:31  Zergling x14  
  132  10:32  Zergling x12  
Show
View Real Time Build Order
Export as new Build Order

Mez Terran 

Build Orders: Reaper Expand 

Get SALT Encoding   

  12  0:00  SCV  
  13  0:12  SCV  
  14  0:18  Supply Depot  
  14  0:24  SCV  
  15  0:40  SCV  
  15  0:41  Barracks  
  16  0:46  Refinery  
  16  0:52  SCV  
  18  1:04  SCV  
  18  1:16  SCV  
  19  1:30  Reaper, Orbital Command  
  20  1:42  Command Center  
  20  1:52  Barracks  
  20  1:56  SCV  
  21  2:03  Barracks Reactor  
  21  2:07  Barracks  
  21  2:11  SCV  
  22  2:17  Supply Depot  
  22  2:23  SCV  
  22  2:35  SCV  
  23  2:40  Marine x2  
  23  2:42  Barracks Tech Lab  
  25  2:47  SCV  
  26  2:54  Orbital Command  
  26  2:58  Marine x2  
  27  2:59  Marine  
  27  3:00  Marine  
  27  3:01  Combat Shield  
  27  3:03  SCV  
  31  3:17  Marine x3  
  31  3:18  SCV, Marine  
  31  3:19  Supply Depot  
  36  3:20  SCV  
  37  3:31  Engineering Bay, SCV  
  37  3:32  SCV  
  39  3:38  Marine x4  
  43  3:43  SCV  
  43  3:45  Supply Depot  
  43  3:47  SCV  
  45  3:55  SCV  
  46  3:56  Marine x3  
  49  4:07  Supply Depot  
  49  4:10  Terran Infantry Weapons Level 1  
  49  4:14  Marine x2  
  49  4:15  Barracks Reactor, SCV x2  
  49  4:16  Marine  
  54  4:25  Command Center  
  54  4:27  Stimpack, SCV x2  
  56  4:32  Refinery, Marine  
  56  4:34  Supply Depot  
  49  4:54  Marine x4  
  49  4:55  SCV, Marine  
  49  4:56  SCV  
  49  4:58  Refinery  
  51  5:07  Factory, Barracks  
  51  5:08  SCV x2, Barracks  
  51  5:12  Marine  
  54  5:16  Marine x2  
  54  5:17  Marine x2  
  54  5:20  SCV x2  
  60  5:30  Marine  
  60  5:32  SCV x2  
  60  5:34  Marine  
  64  5:41  Marine x3  
  67  5:48  Marine  
  68  5:53  Barracks x2  
  68  5:54  Barracks, Factory Reactor  
  68  5:55  Starport  
  68  5:57  Barracks Reactor x2  
  68  5:59  Orbital Command  
  68  6:03  SCV x2  
  70  6:05  Marine x4  
  70  6:10  Terran Infantry Armor Level 1  
  74  6:15  SCV  
  74  6:17  Marine  
  76  6:21  SCV  
  76  6:23  Marine x2  
  79  6:26  Missile Turret  
  79  6:28  SCV, Marine  
  79  6:32  Marine x2  
  76  6:35  Marine x4  
  76  6:38  SCV x2  
  81  6:40  Marine  
  81  6:41  Marine  
  81  6:46  Marine  
  80  6:50  Marine x2  
  65  7:02  Marine x6  
  65  7:04  Marine  
  65  7:07  Missile Turret  
  65  7:08  Marine x2  
  66  7:14  Medivac  
  66  7:15  Missile Turret, Medivac  
  71  7:18  SCV x2  
  73  7:29  SCV  
  74  7:31  Marine  
  74  7:32  Marine x2  
  74  7:33  Marine, Barracks Tech Lab  
  74  7:34  Barracks Reactor, Marine, Barracks Tech Lab  
  74  7:36  SCV  
  80  7:44  Marine x3  
  80  7:45  Marauder  
  78  8:07  Marine x5  
  78  8:08  Armory, Marine x4  
  78  8:09  Engineering Bay, Marine x2  
  78  8:10  Medivac x2  
  93  8:16  Supply Depot  
  93  8:29  SCV, Marine  
  93  8:30  SCV  
  93  8:31  Marine x2  
  93  8:33  SCV  
  93  8:34  Marine  
  93  8:41  SCV  
  83  8:42  SCV  
  83  8:45  SCV, Supply Depot  
  85  8:50  Supply Depot  
  85  8:53  SCV  
  85  8:54  SCV, Supply Depot  
  87  8:57  Marine x2  
  87  8:58  SCV, Marine x8  
  98  9:05  SCV  
  98  9:06  SCV  
  95  9:10  SCV  
  95  9:11  Medivac x2  
  100  9:17  SCV  
  100  9:18  SCV  
  100  9:21  Supply Depot  
  100  9:22  SCV  
  103  9:24  Supply Depot  
  103  9:26  Marine  
  103  9:27  Refinery, Marine x4  
  103  9:28  Bunker  
  103  9:29  SCV  
  103  9:30  SCV  
  110  9:34  SCV  
  113  9:38  Marauder  
  113  9:39  Concussive Shells, Marauder x2  
  113  9:40  Refinery  
  113  9:42  Marine x4  
  113  9:43  Marine  
  122  9:49  Supply Depot  
  122  9:53  Supply Depot  
  122  10:01  Marine x9  
  122  10:02  Marauder  
  122  10:06  Command Center  
  133  10:11  Marine x3  
  136  10:18  Marine  
  136  10:19  Marine  
  130  10:27  Marine x3  
  130  10:28  Marine x4, Marauder  
  116  10:29  Marine x3  
  101  10:36  SCV x3, Marine x2  
Tags
 
Add a new tag
Caveats
  • Supply blocks, unpowered buildings, or Contaminate may cause inaccurate times.
  • Supply counts are checked every 10 seconds.